 Dungeon Crawl Stone Soup version 0.21-a0-404-g291f19a (webtiles) character file.

79 Mamutox the Chopper (level 4, 0/41 HPs)
             Began as a Hill Orc Monk on Oct 31, 2017.
             Slain by an orc
             ... wielding a +0 trident of piercing
              (1 damage)
             ... on level 3 of the Dungeon.
             The game lasted 00:09:17 (3138 turns).

Mamutox the Chopper (Hill Orc Monk)                 Turns: 3138, Time: 00:09:18

Health: 0/41       AC:  7    Str: 13    XL:     4   Next: 37%
Magic:  4/4        EV: 11    Int: 10    God:
Gold:   203        SH:  0    Dex: 14    Spells: 3/3 levels left

rFire    . . .     SeeInvis .   z - +0 hand axe (flame)
rCold    . . .     Gourm    .   (no shield)
rNeg     . . .     Faith    .   p - +0 ring mail
rPois    .         Spirit   .   q - +0 helmet
rElec    .         Reflect  .   (no cloak)
rCorr    .         Harm     .   (no gloves)
MR       .....                  n - +0 pair of boots
Stlth    +.........             (no amulet)
HPRegen  0.13/turn              x - ring of wizardry
MPRegen  0.09/turn              (no ring)

@: no status effects
A: no striking features
a: Convert to Beogh


You were on level 3 of the Dungeon.
You were hungry.

You visited 1 branch of the dungeon, and saw 3 of its levels.

You collected 203 gold pieces.

Inventory:

Hand Weapons
 a - a +0 hand axe
 u - a +0 hunting sling
 z - a +0 hand axe of flaming (weapon)
 A - a +0 blowgun
Missiles
 e - 160 stones (quivered)
 v - 3 tomahawks
 B - 12 poisoned needles
Armour
 b - a +0 robe
 l - a +0 leather armour
 n - a +0 pair of boots (worn)
 p - a +0 ring mail (worn)
 q - a +0 helmet (worn)
Jewellery
 r - a cursed ring of loudness
 x - a ring of wizardry (left hand)
Wands
 o - a wand of iceblast (8/15)
Scrolls
 j - a scroll of recharging {unknown}
 m - a scroll of identify
 w - 2 scrolls of teleportation {unknown}
 y - a scroll of remove curse {unknown}
 D - a scroll of enchant armour {unknown}
 E - a scroll of fear {unknown}
Potions
 d - a potion of resistance {unknown}
 g - a potion of heal wounds {unknown}
 h - a potion of ambrosia
 i - 2 potions of lignification {unknown}
 k - 2 potions of cancellation {unknown}
 s - a potion of curing {unknown}
 t - 2 potions of degeneration {unknown}
 F - a potion of flight {unknown}
Comestibles
 c - 2 bread rations
 f - a meat ration
 C - a royal jelly


   Skills:
 + Level 4.4 Fighting
 + Level 4.8 Axes
 * Level 1.2 Armour
 + Level 2.9 Dodging
 + Level 2.0 Stealth


You had 3 spell levels left.
You didn't know any spells.

Dungeon Overview and Level Annotations

Branches:
Dungeon (3/15)

Altars:
Cheibriados


Message History

You feel invigorated. The orc hits you but does no damage.
The orc priest closely misses you. The orc closely misses you.
You closely miss the orc priest.
The orc priest shouts, "Join the one true god or die!"
The orc priest is moderately wounded.
You hit the orc. You burn the orc. The orc hits you but does no damage.
The orc priest invokes the aid of Beogh against you.
Pain shoots through your body!
* * * LOW HITPOINT WARNING * * *
The orc misses you.
You hit the orc priest. You burn the orc priest.
The orc priest is severely wounded.
You barely miss the orc.
You feel less invigorated.
You feel less confused. The orc priest hits you with a club.
* * * LOW HITPOINT WARNING * * *
The orc barely misses you.
The orc hits you from afar with a trident of piercing.
* * * LOW HITPOINT WARNING * * *
You die...

#...........
#.#.........
############.#.........
..........>..........#
#..................#
#..................#
....##.......#.......# ?
#†#.............#
#@#.#####.#..)####
......oo)...###.#.†.###.
.##.###.#o#..........##.
...................
##....####......##.
#....# #......### #... #
###.....#. #.... #.###.#
.... .#


You could see an orc priest and 2 orcs.

Vanquished Creatures
  2 adders (D:2)
  A worm (D:2)
  A dart slug (D:1)
  2 leopard geckos
  2 orcs (D:3)
  8 bats
  2 giant cockroaches (D:2)
  3 goblins
  6 hobgoblins (D:1)
  3 jackals (D:2)
  9 kobolds
  A quokka (D:2)
  4 frilled lizards
  4 rats
48 creatures vanquished.

Notes
Turn   | Place    | Note
-------+----------+-------------------------------------------
     0 | D:1      | Mamutox the Hill Orc Monk began the quest for the Orb.
     0 | D:1      | Reached XP level 1. HP: 19/19 MP: 1/1
   268 | D:1      | Reached XP level 2. HP: 27/27 MP: 2/2
   788 | D:1      | Reached XP level 3. HP: 22/33 MP: 3/3
  1795 | D:2      | Found a snail-covered altar of Cheibriados.
  2051 | D:2      | Reached skill level 1 in Armour
  2051 | D:2      | Reached XP level 4. HP: 13/41 MP: 4/4
  3038 | D:3      | Found a faded altar of an unknown god.
  3137 | D:3      | HP: 1/41 [orc priest/nerve-wracking pain (13)]
  3138 | D:3      | Slain by an orc

Vault maps used:
D:1:      dpeg_arrival_tiny_a
D:2:      nicolae_overflow_hidden_temple, st_stairs_3, grunt_ministairs_2,
          hangedman_decor_growths, minmay_misc_feat_rows
D:3:      first_bread, chequers_ecumenical_altar_simple

Skill      XL: |  1  2  3 |
---------------+----------+-----
Fighting       | 4 |  4.4
Armour         | 1 |  1.2
Stealth        | 2 |  2.0
Axes           | |  4.8
Dodging        | |  2.9

Action                   |  1- 3 |  4- 6 || total
-------------------------+-------+-------++-------
Melee: Hand axe          |   120 |    43 ||   163
  Use: Scroll            |       |     1 ||     1
       Potion            |       |     1 ||     1
 Stab: Sleeping          |     1 |       ||     1
  Eat: Bread ration      |     1 |       ||     1
       Chunk             |       |     2 ||     2
Armor: Robe              |    15 |       ||    15
       Leather armour    |    33 |     3 ||    36
       Ring mail         |       |     4 ||     4
Dodge: Dodged            |   123 |    28 ||   151

Table legend:
 A = Spawn XP
 B = Non-spawn XP
 C = Spawn XP percentage of total XP
 D = Spawn monster count
 E = Non-spawn monster count
 F = Spawn count percentage of total count
 G = Total turns spent on level
                    A         B        C        D         E        F      G
               +---------+---------+-------+---------+---------+-------+---------
         Total |       0 |     113 |   0.0 |       0 |      48 |   0.0 |  3138
               +---------+---------+-------+---------+---------+-------+---------
           D:1 |       0 |      40 |   0.0 |       0 |      21 |   0.0 |  1819
           D:2 |       0 |      58 |   0.0 |       0 |      19 |   0.0 |  1021
           D:3 |       0 |      15 |   0.0 |       0 |       8 |   0.0 |   298
               +---------+---------+-------+---------+---------+-------+---------
